 Dungeon Crawl Stone Soup version 0.31-a0-246-g8cbcc1cb85 (webtiles) character file.

Game seed: 16001922798294150600

319 Midn8 the Insei (level 6, 0/44 HPs)
             Began as a Demonspawn Shapeshifter on July 13, 2023.
             Was an Initiate of Nemelex Xobeh.
             Splashed by a jelly's acid (4 damage)
             ... on level 5 of the Dungeon.
             The game lasted 00:06:38 (3114 turns).

Midn8 the Insei (Demonspawn Shapeshifter)           Turns: 3114, Time: 00:06:39

Health: 0/44       AC:  1    Str: 21    XL:     6   Next: 21%
Magic:  6/6        EV: 11    Int:  9    God:    Nemelex Xobeh [......]
Gold:   96         SH:  0    Dex: 16    Spells: 5/5 levels left

rFire   . .          .
                       - Unarmed
rCold   . . .        (no shield)
rNeg    . . .        d - +0 ring mail
rPois   .            (helmet currently unavailable)
rElec   .            (cloak currently unavailable)
rCorr   .            (gloves currently unavailable)
SInv    .            (boots currently unavailable)
Will    .....        (no amulet)
Stlth   +            n - +6 ring of strength
HPRegen 0.27/turn    (no ring)
MPRegen 0.10/turn

%: no passive effects
@: beast-form, corroded
A: beast (slay +2), antennae 2, foul stench 1
a: Renounce Religion, Draw Escape, Draw Destruction, Draw Summoning


You were on level 5 of the Dungeon.
You worshipped Nemelex Xobeh.
Nemelex Xobeh was noncommittal.
You were a hulking beast.
You visited 1 branch of the dungeon, and saw 5 of its levels.

You collected 96 gold pieces.

Inventory:

Missiles
 i - a throwing net
 q - 13 poisoned darts
Armour
 a - a +0 animal skin
 d - a +0 ring mail (worn)
Jewellery
 n - a +6 ring of strength (left hand)
 o - an amulet of reflection
Talismans
 c - a beast talisman
Scrolls
 j - 3 scrolls of teleportation
Potions
 b - a potion of lignification
 e - a potion of enlightenment {unknown}
 f - a potion of mutation {unknown}
 g - 2 potions of attraction
 h - a potion of ambrosia {unknown}
 l - 2 potions of curing
 p - a potion of magic {unknown}


   Skills:
 - Level 2.0 Fighting
 - Level 1.7 Dodging
 + Level 5.9 Unarmed Combat
 - Level 2.9 Shapeshifting


You had 5 spell levels left.
You didn't know any spells.
Your spell library contained the following spells:

 Spells                   Type           Power      Damage    Failure   Level
 Necrotise                Necr           0%         1d4       56%         1
 Sandblast                Erth           0%         2d4       56%         1
 Passwall                 Tmut/Erth      0%         N/A       71%         2
 Ignite Poison            Fire/Tmut/Pois 0%         N/A       90%         3
 Stone Arrow              Conj/Erth      0%         3d7       90%         3
 Vampiric Draining        Necr           0%         2d6       90%         3
 Sticky Flame             Conj/Fire      0%         2d3       100%        4
 Agony                    Necr           0%         N/A       100%        5
 Ignition                 Fire           0%         3d3       100%        8


Dungeon Overview and Level Annotations

Branches:
Dungeon (5/15)
 Temple: D:4-7

Altars:
Gozag
Kikubaaqudgha
Makhleb
Nemelex Xobeh
Trog
Xom

Shops:
D:1 *


Innate Abilities, Weirdness & Mutations

You are a hulking beast.
Your limbs bulge with bestial killing power. (Slay +2)
You have a pair of antennae on your head.
You may rarely emit foul miasma when damaged in melee.


Message History

There is an open door here.
You hear a distant slurping noise.
You open the door.
Found a whip.
There is an open door here.
You open the door.
There is an open door here.
You hear a slurping noise.
The jelly eats the door!
A jelly comes into view.
The jelly hits you. The acid corrodes you!
You are splashed with acid!
You emit a cloud of foul miasma!
You punch the jelly!
Your hands burn!
The jelly is lightly wounded.
The jelly is engulfed in dark miasma.
The jelly closely misses you.
You hit the jelly.
Your hands burn!
The jelly is heavily wounded.
The jelly is engulfed in dark miasma.
The jelly is poisoned.
The jelly barely misses you.
You hit the jelly.
Your hands burn!
The jelly is severely wounded.
The jelly is engulfed in dark miasma.
The jelly seems to slow down.
The jelly hits you.
You are splashed with acid!
You are too injured to fight recklessly!
You hit the jelly.
Your hands burn!
* * * LOW HITPOINT WARNING * * *
The jelly is severely wounded.
The jelly is no longer moving slowly.
The jelly is engulfed in dark miasma.
The jelly looks even sicker.
The jelly seems to slow down.
The jelly hits you.
* * * LOW HITPOINT WARNING * * *
You are splashed with acid.
* * * LOW HITPOINT WARNING * * *
You hit the jelly but do no damage.
Your hands burn!
* * * LOW HITPOINT WARNING * * *
The jelly is severely wounded.
The jelly is no longer moving slowly.
Unknown command.
You hit the jelly.
Your hands burn!
You die...
Your body disappears without a glow.

.......# .. #.....# #.
#.....# #. #.....# #.
##+#####.....#########.
...#..######...).#..#.
......+..'.....#..'.
#J...#..#.....'..#.
#.h.###.#.....#..#.
#...###.##....#..#.
#........#....#..#.
#........#....#..+.
............#....#..#.
.............#....+..#.
##.##+##.#####....##.#.
#. #.# ..#### ## # ...


You could see a jelly (very poisoned).

Vanquished Creatures
  A scorpion (D:3)
  A jelly (D:5)
  2 hounds (D:4)
  4 gnolls
  4 adders
  A worm (D:5)
  2 dart slugs
  4 orcs
  3 ball pythons
  7 endoplasms
  2 giant cockroaches
  7 goblins
  9 hobgoblins
  4 jackals (D:3)
  15 kobolds
  A quokka (D:2)
  6 bats
  A frilled lizard (D:3)
  8 rats
82 creatures vanquished.

Notes
Turn   | Place    | Note
-------+----------+-------------------------------------------
     0 | D:1      | Midn8 the Demonspawn Shapeshifter began the quest for the
                  | Orb.
     0 | D:1      | Reached XP level 1. HP: 16/16 MP: 1/1
    71 | D:1      | Reached skill level 2 in Unarmed Combat
    84 | D:1      | Gained mutation: You have a pair of small antennae on your
                  | head. [demonic ancestry]
    84 | D:1      | Reached XP level 2. HP: 22/22 MP: 2/2
   281 | D:1      | Found Erur Soy's Assorted Antiques.
   399 | D:1      | Reached XP level 3. HP: 27/27 MP: 3/3
   546 | D:2      | Reached skill level 3 in Unarmed Combat
   874 | D:2      | Found a faded altar of an unknown god.
  1283 | D:3      | Gained mutation: You may rarely emit foul miasma when
                  | damaged in melee. [demonic ancestry]
  1283 | D:3      | Reached XP level 4. HP: 33/33 MP: 4/4
  1380 | D:3      | Reached skill level 4 in Unarmed Combat
  1453 | D:3      | Noticed a scorpion
  1461 | D:3      | Killed a scorpion
  1462 | D:3      | Reached XP level 5. HP: 32/38 MP: 5/5
  1858 | D:4      | Found a sparkling altar of Nemelex Xobeh.
  1926 | D:4      | Found an ancient bone altar of Kikubaaqudgha.
  1933 | D:4      | Found an opulent altar of Gozag.
  1935 | D:4      | Found a burning altar of Makhleb.
  1935 | D:4      | Found a bloodstained altar of Trog.
  1935 | D:4      | Found a shimmering altar of Xom.
  1971 | D:4      | Became a worshipper of Nemelex Xobeh the Trickster
  2166 | D:4      | Reached skill level 5 in Unarmed Combat
  2707 | D:3      | Gained mutation: You have a pair of antennae on your head.
                  | [demonic ancestry]
  2707 | D:3      | Reached XP level 6. HP: 41/44 MP: 6/6
  2950 | D:5      | Entered Level 5 of the Dungeon
  3114 | D:5      | Splashed by a jelly's acid

Illustrated notes

Levels and vault maps discovered:
D:1:      mainiacjoe_arrival_reflecting_pool, layout_rooms, serial_shops,
          nicolae_shop_pleasant_corner_grove, moated_statue, moated_statue
D:2:      layout_loops_ring, dreamdust_ecumenical_altar_statues, minivault_26
D:3:      layout_basic, kennysheep_generic_room_4
D:4:      layout_cave_pods, nemelex_diamond_rough_becter, minitemple
D:5:      layout_gridville, kennysheep_little_box, roderic_malta_cross

Skill      XL: |  1  2  3  4  5 |
---------------+----------------+-----
Unarmed Combat | 2 3 4 5 |  5.9
Fighting       | |  2.0
Dodging        | |  1.7
Shapeshifting  | |  2.9

Action                     |  1- 3 |  4- 6 || total
---------------------------+-------+-------++-------
  Melee: Unarmed           |    99 |   105 ||   204
         Punch             |       |     4 ||     4
    Use: Scroll            |     2 |     6 ||     8
 Armour: Ring mail         |    31 |    26 ||    57
         Animal skin       |     1 |       ||     1
  Dodge: Dodged            |    56 |    62 ||   118

Table legend: (Time is in decaauts)
 A = Elapsed time spent in this place.
 B = Non-inter-level travel time spent in this place.
 C = Inter-level travel time spent in this place.
 D = Time resting spent in this place.
 E = Time spent auto-exploring this place.
 F = Levels seen in this place.
 G = Mean time per level.
                   A        B        C        D        E       F      G
               +--------+--------+--------+--------+--------+-----+--------+
         Total |   3103 |   2948 |    155 |    347 |   1973 |   5 |  620.6 |
       Dungeon |   3103 |   2948 |    155 |    347 |   1973 |   5 |  620.6 |
               +--------+--------+--------+--------+--------+-----+--------+

Top non-repeatable levels by time:
     D:4: 972 daAuts
     D:3: 817 daAuts
     D:2: 672 daAuts
     D:1: 478 daAuts
     D:5: 162 daAuts
